 Dungeon Crawl Stone Soup version 0.18.1-6-gd335043 (webtiles) character file.

137 Hipnos the Sneak (level 5, -1/35 HPs)
             Began as an Octopode Assassin on May 16, 2016.
             Slain by a worker ant zombie (5 damage)
             ... on level 4 of the Dungeon.
             The game lasted 00:08:11 (2864 turns).

Hipnos the Sneak (Octopode Assassin)                Turns: 2864, Time: 00:08:12

Health: -1/35      AC:  3    Str: 10    XL:     5   Next: 20%
Magic:  6/6        EV: 12    Int: 15    God:
Gold:   61         SH:  0    Dex: 13    Spells: 1 memorised, 0 levels left

rFire  . . .     SeeInvis .     a - +2 dagger
rCold  . . .     Gourm    .     (no shield)
rNeg   . . .     Faith    .     (helmet restricted)
rPois  .         Spirit   .     (no amulet)
rElec  .         Dismiss  .     (no ring)
rCorr  .         Reflect  .     (no ring)
SustAt .         Harm     .     (no ring)
MR     .....                    (no ring)
Stlth  +++++.....               (no ring)
                                (no ring)
                                (no ring)
                                (no ring)

@: not resistant to hostile enchantments, quite stealthy
A: almost no armour, amphibious, 8 rings, constrict 8, beak, thin metallic
scales 1, camouflage 1, gelatinous body 1, MP-powered wands
a: no special abilities


You were on level 4 of the Dungeon.
You were not hungry.

You visited 1 branch of the dungeon, and saw 4 of its levels.

You collected 61 gold pieces.

Inventory:

Hand Weapons
 a - a +2 dagger (weapon)
 b - a +0 blowgun
Missiles
 c - 2 poisoned needles (quivered)
 d - 2 curare-tipped needles
Jewellery
 n - an uncursed amulet of harm {unknown}
Scrolls
 e - a scroll of teleportation {unknown}
 i - a scroll of recharging {unknown}
 j - 2 scrolls of amnesia {unknown}
 k - a scroll of immolation {unknown}
 l - a scroll of random uselessness {unknown}
 m - a scroll of magic mapping {unknown}
 o - 2 scrolls of remove curse {unknown}
Potions
 h - a potion of lignification
Books
 p - a book of the Sky

   Spells                             Type                      Level
   a - Summon Lightning Spire         Summoning/Air                4
   b - Airstrike                      Air                          4
   c - Silence                        Hexes/Air                    5
   d - Deflect Missiles               Charms/Air                   6
   e - Conjure Ball Lightning         Conjuration/Air              6
   f - Tornado                        Air                          9
Comestibles
 f - 3 bread rations
 g - a meat ration
 q - 4 chunks of flesh


   Skills:
 + Level 2.5 Fighting
 + Level 2.0 Short Blades
 - Level 2.5 Throwing
 + Level 2.2 Dodging
 * Level 7.2 Stealth
 * Level 0.6 Spellcasting


You couldn't memorise any spells.
You knew the following spells:

 Your Spells              Type           Power        Failure   Level  Hunger
a - Silence               Hex/Air        #.........   100%        5    ######.


Dungeon Overview and Level Annotations

Branches:
Dungeon (4/15)
 Temple: D:4-7

Altars:


Innate Abilities, Weirdness & Mutations

You cannot wear most types of armour.
You are amphibious.
You can wear up to eight rings at the same time.
You can use your tentacles to constrict eight enemies at once.
Your skin changes colour to match your surroundings (Stealth).
Your rubbery body absorbs attacks (AC +1).
You have a beak for a mouth.
You are partially covered in thin metallic scales (AC +2).
You expend magic power (3 MP) to strengthen your wands.


Message History

You kill the orc!
Things that are here:
a flail; a leather armour; an orc corpse You start resting.
You hear the slow rusting of a drain nearby.
You start resting.
A worker ant zombie comes into view.
A worker ant zombie is nearby!
A worker ant zombie is nearby!
Things that are here:
a flail; a leather armour; an orc corpse You butcher the orc corpse.
Things that are here:
a flail; a leather armour; 4 chunks of flesh
q - 4 chunks of flesh The worker ant zombie bites you.
* * * LOW HITPOINT WARNING * * *
You hit the worker ant zombie. Your grab misses the worker ant zombie.
You peck the worker ant zombie. The worker ant zombie bites you.
You die...

..# ..# #..#.
#.##########.....
#................
#.)<.......
#.......... .####
#..........
......#Z@........
#............
####.......).
##.....##.
#######


You could see a worker ant zombie.

Vanquished Creatures
  An orc priest (D:3)
  An orc wizard (D:3)
  3 adders
  A worm (D:2)
  A dart slug (D:1)
  A giant gecko (D:1)
  4 orcs
  2 ball pythons
  A giant cockroach (D:2)
  4 hobgoblins
  7 jackals
  5 kobolds
  3 bats
  2 giant newts
  5 goblins
  7 rats
48 creatures vanquished.

Notes
Turn   | Place    | Note
--------------------------------------------------------------
     0 | D:1      | Hipnos the Octopode Assassin began the quest for the Orb.
     0 | D:1      | Reached XP level 1. HP: 14/14 MP: 1/1
   464 | D:1      | Reached XP level 2. HP: 19/19 MP: 2/2
   838 | D:1      | Reached skill level 6 in Stealth
   967 | D:2      | Reached XP level 3. HP: 15/24 MP: 3/3
  2133 | D:3      | Reached XP level 4. HP: 23/30 MP: 4/4
  2249 | D:3      | Gained mutation: You are partially covered in thin metallic scales (AC +2). [potion of mutation]
  2249 | D:3      | Gained mutation: You have a beak for a mouth. [potion of mutation]
  2249 | D:3      | Gained mutation: You expend magic power (3 MP) to strengthen your wands. [potion of mutation]
  2628 | D:3      | Reached skill level 7 in Stealth
  2628 | D:3      | Reached XP level 5. HP: 22/35 MP: 4/6
  2798 | D:4      | Learned a level 5 spell: Silence
  2864 | D:4      | Slain by a worker ant zombie

Skill      XL: |  1  2  3  4 |
---------------+-------------+-----
Stealth        | 6 7 |  7.2
Dodging        | 2 |  2.2
Fighting       | |  2.5
Short Blades   | |  2.0
Throwing       | |  2.5
Spellcasting   | |  0.6

Action                   |  1- 3 |  4- 6 || total
-------------------------+-------+-------++-------
Melee: Dagger            |    73 |    51 ||   124
       Constrict         |    16 |     8 ||    24
       Tentacles         |     5 |     8 ||    13
       Blowgun           |     8 |       ||     8
       Peck              |       |     3 ||     3
 Fire: Blowgun           |    32 |       ||    32
  Use: Potion            |       |     3 ||     3
 Stab: Sleeping          |    10 |       ||    10
  Eat: Chunk             |     3 |     3 ||     6
Armor: Skin              |     5 |    31 ||    36
Dodge: Dodged            |    48 |    28 ||    76
